 Dungeon Crawl Stone Soup version 0.31.0-11-ge490571c62 (webtiles) character file.

Game seed: 2924468631235388632

16763 Nonny the Nimble (level 12, -5/76 HPs)
             Began as a Kobold Gladiator on Jan 27, 2024.
             Was an Initiate of Ru.
             Slain by a large slime creature (26 damage)
             ... on level 12 of the Dungeon.
             The game lasted 00:38:27 (13095 turns).

Nonny the Nimble (Kobold Gladiator)                Turns: 13095, Time: 00:38:27

Health: -5/76      AC: 18    Str: 13    XL:     12   Next: 74%
Magic:  0/12       EV: 24    Int:  9    God:    Ru [......]
Gold:   670        SH:  0    Dex: 20    Spells: 10/11 levels left

rFire   + . .        s - +2 dagger (venom)
rCold   . . .        (no shield)
rNeg    . . .        n - +3 leather armour {rF+}
rPois   +            I - +2 helmet
rElec   .            j - +0 cloak
rCorr   .            c - +1 pair of gloves
SInv    .            x - +1 pair of boots
Will    .....        b - amulet of guardian spirit
Stlth   ++++++       d - ring of poison resistance
HPRegen 0.32/turn    z - +4 ring of protection
MPRegen 0.13/turn

%: guardian spirit
@: no status effects
A: small, no large weapons, nightstalker 3
a: Renounce Religion, Sacrifice Skill, Sacrifice Experience, Sacrifice Purity,
Reject Sacrifices


You were on level 12 of the Dungeon.
You worshipped Ru.
Ru was noncommittal.
You visited 2 branches of the dungeon, and saw 13 of its levels.
You also visited: Bailey.

You collected 670 gold pieces.

Inventory:

Hand Weapons
 a - a +0 rapier
 r - the +1 short sword of Cataclysm {antimagic, Will++ Int+3}
   (You found it on level 2 of the Dungeon)

   Int+3:     It affects your intelligence (+3).
   Will++:    It greatly increases your willpower.
 s - a +2 dagger of venom (weapon)
Missiles
 e - 10 boomerangs
 g - 14 poisoned darts
 m - 96 stones (quivered)
 C - 3 throwing nets
Armour
 c - a +1 pair of gloves (worn)
 j - a +0 cloak (worn)
 n - a +3 leather armour of fire resistance (worn)
 o - a +2 robe of willpower
 x - a +1 pair of boots (worn)
 G - a +0 kite shield
 I - a +2 helmet (worn)
 O - a +0 troll leather armour
Jewellery
 b - an amulet of guardian spirit (around neck)
 d - a ring of poison resistance (left hand)
 f - a ring of positive energy
 z - a +4 ring of protection (right hand)
 M - a ring of fire
Wands
 q - a wand of light (1)
 P - a wand of charming (5)
Scrolls
 i - a scroll of teleportation
 l - 2 scrolls of fog
 y - a scroll of fear
 B - a scroll of vulnerability
 H - 2 scrolls of revelation
 N - 2 scrolls of immolation
 Q - 2 scrolls of identify
Potions
 h - 2 potions of resistance
 k - 2 potions of attraction
 p - 5 potions of heal wounds
 t - 4 potions of mutation
 u - 4 potions of curing
 w - a potion of enlightenment
 A - 6 potions of haste
 D - 2 potions of magic
 E - 5 potions of might
 F - a potion of brilliance
 J - 2 potions of invisibility
Miscellaneous
 R - a lightning rod (4/4)


   Skills:
 + Level 9.0 Fighting
 - Level 12.2 Short Blades
 + Level 3.0 Throwing
 - Level 3.0 Armour
 + Level 13.8 Dodging
 * Level 13.3 Stealth
 - Level 6.0 Evocations


You had 10 spell levels left.
You knew the following spells:

 Your Spells              Type           Power      Damage    Failure   Level
a - Apportation           Tloc           0%         N/A       45%         1

Your spell library contained the following spells:

 Spells                   Type           Power      Damage    Failure   Level
 Necrotise                Necr           0%         1d4       45%         1
 Sting                    Conj/Alch      0%         1d3       45%         1
 Summon Small Mammal      Summ           0%         N/A       45%         1
 Blink                    Tloc           0%         N/A       61%         2
 Lesser Beckoning         Tloc           0%         N/A       61%         2
 Mercury Vapours          Alch/Air       0%         N/A       61%         2
 Momentum Strike          Conj/Tloc      0%         3d8       61%         2
 Call Canine Familiar     Summ           0%         N/A       83%         3
 Dazzling Flash           Conj/Hex       0%         N/A       83%         3
 Mephitic Cloud           Conj/Alch/Air  0%         N/A       83%         3
 Ignite Poison            Fire/Alch      0%         N/A       99%         4
 Sticky Flame             Fire/Alch      0%         2d4       99%         4
 Summon Blazeheart Golem  Fire/Summ      0%         N/A       99%         4
 Curse of Agony           Necr           0%         N/A       100%        5
 Freezing Cloud           Conj/Ice/Air   0%         6-21      100%        5
 Silence                  Hex/Air        0%         N/A       100%        5
 Orb of Destruction       Conj           0%         9d5       100%        7
 Spellforged Servitor     Conj/Summ      0%         N/A       100%        7
 Ignition                 Fire           0%         3d3       100%        8


Dungeon Overview and Level Annotations

Branches:
Dungeon (13/15)            Temple (1/1) D:6            Lair (0/5) D:9
    Orc (0/2) D:9          Bailey (visited)
 Vaults: D:13-14

Altars:
Ashenzari
Cheibriados
Dithmenos
Elyvilon
Fedhas
Gozag
Hepliaklqana
Kikubaaqudgha
Makhleb
Nemelex Xobeh
Okawaru
Qazlal
Ru
Sif Muna
Trog
Uskayaw
Vehumet
Wu Jian
Xom
Yredelemnul
Zin
The Shining One

Annotations:
D:10 4 runed translucent doors
D:13 1 runed translucent door


Innate Abilities, Weirdness & Mutations

You are small and have problems with some larger weapons.
You are completely attuned to the shadows.


Message History

Things that are here:
+0 acid dragon scales; an acid dragon corpse You hit the large slime creature.
The large slime creature is lightly wounded.
You hit the large slime creature.
The large slime creature is poisoned.
The large slime creature is lightly wounded.
The large slime creature closely misses you.
You hit the large slime creature.
The large slime creature is lightly wounded.
You hit the large slime creature.
The large slime creature is lightly wounded.
The large slime creature misses you.
Unknown command.
The large slime creature attacks as it pursues you!
The large slime creature hits you!! The yak gores you!
You hear a bellow! x2
You completely miss the yak.
The yak is moderately wounded.
Unknown command.
You hit the yak.
The yak is moderately wounded.
The large slime creature barely misses you.
The yak completely misses you.
You hit the yak but do no damage.
The yak looks even sicker.
The yak is moderately wounded.
You hit the yak.
The yak looks as sick as possible!
The yak is heavily wounded.
The large slime creature hits you!!
* * * LOW HITPOINT WARNING * * *
The yak completely misses you.
You hit the yak but do no damage.
The yak is heavily wounded.
Unknown command.
Unknown command.
You hit the large slime creature.
The large slime creature is moderately wounded.
The large slime creature misses you.
The large slime creature attacks as it pursues you!
The large slime creature hits you!!
You die...

##.....## #.#
###...## #J#
.....## ##.##
>.##.# #...# # #.#
#YJ.# ##.## #YY.#
.#...## #.###
.......# #J#
#.#....#########@#
#.##.#..........[#
...#############
##.


You could see a large slime creature (poisoned), a slime creature and 3 yaks.

Vanquished Creatures
  Josephine (D:13)
  3 two-headed ogres
  A centaur warrior (D:13)
  An orc knight (Bailey)
  A deep elf pyromancer (D:12)
  A wolf spider (D:13)
  A cyclops (D:13)
  An ugly thing (D:10)
  A gargoyle (D:13)
  Jeremiah (D:8)
  A yaktaur (D:13)
  A troll (D:9)
  3 hornets
  Grinder (D:3)
  A wyvern (D:9)
  A vampire (D:10)
  15 yaks
  A basilisk (D:13)
  4 wraiths (D:13)
  3 steam dragons
  A warg (D:9)
  Grum (D:9)
  6 vampire mosquitoes
  3 acid dragons
  9 orc warriors
  2 ice beasts
  A black bear (D:5)
  An ogre (D:5)
  4 centaurs
  6 wolves (D:9)
  4 bullfrogs
  Blork the orc (D:5)
  2 scorpions (D:7)
  5 gnoll sergeants
  6 wights (D:6)
  6 killer bees (D:10)
  5 electric eels
  A howler monkey (D:4)
  6 hounds
  9 orc priests
  A sleepcap (D:7)
  2 iguanas
  11 orc wizards
  26 gnolls
  9 adders
  2 shadow imps (D:8)
  A white imp (D:6)
  76 orcs
  3 bats
  6 endoplasms
  3 giant cockroaches
  9 goblins
  9 hobgoblins
  9 jackals
  9 kobolds
  4 quokkas
  9 ball pythons
  5 frilled lizards
  5 rats
321 creatures vanquished.

Vanquished Creatures (others)
  A vampire mosquito (D:10)
  An orc wizard (D:8)
2 creatures vanquished.

Grand Total: 323 creatures vanquished

Notes
Turn   | Place    | Note
-------+----------+-------------------------------------------
     0 | D:1      | Nonny the Kobold Gladiator began the quest for the Orb.
     0 | D:1      | Reached XP level 1. HP: 12/12 MP: 1/1
   239 | D:1      | Reached XP level 2. HP: 17/17 MP: 2/2
   244 | D:1      | Reached skill level 1 in Stealth
   734 | D:2      | Reached XP level 3. HP: 17/21 MP: 3/3
   888 | D:2      | Identified the +1 short sword of Cataclysm {antimagic,
                  | Will++ Int+3}
   928 | D:2      | Reached XP level 4. HP: 25/26 MP: 4/4
  1009 | D:2      | Reached skill level 5 in Short Blades
  1080 | D:2      | D:2 blade talisman
  1367 | D:3      | Found an ancient bone altar of Kikubaaqudgha.
  1535 | D:3      | Reached XP level 5. HP: 21/30 MP: 1/5
  1783 | D:3      | Found a bloodstained altar of Trog.
  1828 | D:3      | Noticed Grinder
  2078 | D:3      | Pleasant garden vault within crystal wall grid in
                  | southwest.
  2359 | D:4      | Reached XP level 6. HP: 35/35 MP: 6/6
  2396 | D:4      | Reached skill level 5 in Stealth
  2620 | D:3      | Killed Grinder
  2621 | D:3      | Reached skill level 5 in Dodging
  2621 | D:3      | Reached XP level 7. HP: 26/40 MP: 2/7
  3137 | D:5      | Entered Level 5 of the Dungeon
  3151 | D:5      | Found a hide-covered altar of Uskayaw.
  3292 | D:5      | Noticed Blork the orc
  3306 | D:5      | Killed Blork the orc
  3772 | D:5      | Reached XP level 8. HP: 25/44 MP: 8/8
  4588 | D:6      | Reached skill level 10 in Short Blades
  4630 | D:6      | Noticed a two-headed ogre
  4651 | D:6      | Killed a two-headed ogre
  4652 | D:6      | Reached XP level 9. HP: 31/51 MP: 9/9
  4806 | D:6      | Found a staircase to the Ecumenical Temple.
  4812 | Temple   | Entered the Ecumenical Temple
  5565 | D:7      | Found a flagged portal.
  5578 | Bailey   | Entered a bailey
  5821 | Bailey   | Noticed an orc knight
  5825 | Bailey   | Killed an orc knight
  5938 | D:7      | Identified the +1 mace of Sulphur {speed, Stlth+}
  5979 | D:7      | Reached XP level 10. HP: 57/57 MP: 10/10
  6129 | D:7      | Found a hazy altar of Hepliaklqana.
  6214 | D:7      | Found an opulent altar of Gozag.
  6217 | D:7      | Found a blossoming altar of Fedhas.
  6218 | D:7      | Found a sacrificial altar of Ru.
  6223 | D:7      | Found a shimmering blue altar of Sif Muna.
  6224 | D:7      | Found an iron altar of Okawaru.
  6226 | D:7      | Became a worshipper of Ru the Awakened
  6229 | D:7      | Found a glowing golden altar of the Shining One.
  6231 | D:7      | Found an ornate altar of the Wu Jian Council.
  6232 | D:7      | Found a snail-covered altar of Cheibriados.
  6234 | D:7      | Found a white marble altar of Elyvilon.
  6756 | D:8      | Reached skill level 10 in Stealth
  6764 | D:8      | Learned a level 1 spell: Apportation
  6840 | D:8      | Reached skill level 1 in Evocations
  6972 | D:8      | Noticed Jeremiah
  7027 | D:8      | Killed Jeremiah
  7028 | D:8      | Reached skill level 5 in Fighting
  7100 | D:8      | Noticed a two-headed ogre
  7103 | D:8      | Killed a two-headed ogre
  7435 | D:8      | Reached skill level 10 in Dodging
  7872 | D:9      | Noticed Grum
  7914 | D:9      | Killed Grum
  7915 | D:9      | Reached skill level 5 in Evocations
  7915 | D:9      | Reached XP level 11. HP: 36/64 MP: 7/11
  8706 | D:9      | Found a staircase to the Orcish Mines.
  9225 | D:9      | Found a staircase to the Lair.
  9784 | D:9      | Reached skill level 1 in Armour
 10030 | D:10     | Entered Level 10 of the Dungeon
 10241 | D:10     | Noticed a cyan ugly thing
 10242 | D:10     | Found a large runed translucent door.
 10242 | D:10     | Found a large runed translucent door.
 10247 | D:10     | Found a large runed translucent door.
 10879 | D:10     | Orcs room in south.
 10920 | D:10     | Found a large runed translucent door.
 11042 | D:10     | Reached XP level 12. HP: 73/73 MP: 12/12
 11053 | D:10     | lightning rod past increasingly nastier enemies
 11216 | D:10     | Noticed a two-headed ogre
 11228 | D:10     | Killed a two-headed ogre
 11340 | D:10     | You fall into a shaft and drop 3 floors!
 11615 | D:13     | Noticed Josephine
 11661 | D:13     | Killed Josephine
 11831 | D:13     | Found a runed translucent door.
 12739 | D:13     | Noticed a centaur warrior
 12758 | D:13     | Killed a centaur warrior
 12827 | D:13     | Noticed a tengu reaver
 12827 | D:13     | Noticed a stone giant
 13095 | D:12     | Slain by a large slime creature

Illustrated notes .....#.†........ ####.####...... .....#.......... #.##.....### ............... ####....##..# .....#......... .......###.)# ....##.......... ###..#......### .##.#........... ....##......... . .............. ##......#....... ... ....##..##...##....## ...%@....#........## ...........##.##.## .....##....#..#..# ....######......### ...# ##.......# #>......# #.......# #.......# #.......# Turn 1080 on D:2: D:2 blade talisman #.#.#.#.#.#.#.#.###.§ #.#.#.#.#.#.#.#.##.§ #...#.#.#.#.#.###.≈ ##.###.#.#.#.#.##.. #P.P#.#.#.#.#.###.. ##≈.≈##.#.#.#.#.##._ ##≈≈.≈≈####)#.#...... P≈≈≈.≈≈≈P#.#.#.#..... ....@)......#.#.....≈ P≈≈≈.≈≈≈P#.#.#.#.##.≈ ##≈≈.≈≈####.#.#.###.§ ##≈.≈##.#.#.#.#.##.≈ ##P.P###.#.#.#.###.. ##.....###.#.#.#.##.. #.♣...♣.#.#.#.......P #...8...##.#........P #.♣...♣.#####.......P Turn 2078 on D:3: Pleasant garden vault within crystal wall grid in southwest. .....####...... .....# #.##... .....# #.##... ######...# #.##... #....#...# #.##... #....#...# #.##... #....#...# #... #....#...# #... #.@)$#...# #.)$.#...# ###.##)..# #....$)...# #.....))..# #.........####.# #.......)))....# ############### Turn 10879 on D:10: Orcs room in south.

#........#8....8#.#...##...##.#
###........+...u..+.#...##...##.#
....)......+. ..+.#...##...##.#
...........#8 .8#.....##...##.#
...........## ##..........##.#
............# #...........##.#
........###+# #'###..###..##..
.......## ###...##.# #..##..
.......# #@##.#.#.###..##..
.......# #†#)##.#..##..##..
.......# #.##[#†#.....%##..
.......# #..###.#.###......
.......## ####....##.###......
........######..######......###..
####........................# #..
# #.##......###...###......# #..
# #.##...#.......## #.####.# #..


Turn 11053 on D:10: lightning rod past increasingly nastier enemies

Levels and vault maps discovered:
D:1:      dpeg_arrival_tiny_a, layout_basic, serial_curves, eino_curves_03,
          eino_curves_04
D:2:      layout_rooms, minmay_tromino_v4_c
D:3:      layout_basic, kiku_gazebo_pond_becter, mainiacjoe_overflow_boulevard,
          dreamdust_princess_bridge, uniq_grinder
D:4:      layout_cave_pools
D:5:      layout_gridville, eat_drink_and_be_merry_uskayaw,
          hangedman_decor_riveting, uniq_blork_the_orc
D:6:      layout_loops_ring, minmay_temple_entry_enclosed_plants,
          nicolae_figureground_pulse
D:7:      layout_rooms, nicolae_overflow_hallway_of_the_gods, enter_bailey_5
D:8:      layout_loops_cross, chequers_serial_rivers_micro_a, st_stairs_12,
          lightli_minifort, uniq_jeremiah
D:9:      layout_cave_pods, erik_lair_island, david_orc_1_choice,
          minmay_misc_feat_columns, uniq_grum
D:10:     layout_long_grid, special_room [special_room_orc],
          minmay_hollow_rounded_squares
D:12:     layout_loops_corners, serial_shops, shop
D:13:     minmay_sliced_demisemicircle, layout_gridville,
          ebering_ghost_reflecting_pool, uniq_josephine
Temple:   hellmonk_temple_forest_ring

Skill      XL: |  1  2  3  4  5  6  7  8  9 10 11 12 |
---------------+-------------------------------------+-----
Stealth        | 1 2 3 4 5 8 10 13 | 13.3
Dodging        | 4 5 6 7 8 10 12 13 | 13.8
Short Blades   | 5 6 7 8 11 12 | 12.2
Fighting       | 3 4 6 8 9 |  9.0
Throwing       | 3 |  3.0
Evocations     | 5 6 |  6.0
Armour         | 2 3 |  3.0

Action                     |  1- 3 |  4- 6 |  7- 9 | 10-12 || total
---------------------------+-------+-------+-------+-------++-------
  Melee: Rapier            |    81 |    13 |    42 |   158 ||   294
         Dagger            |       |   169 |   192 |   877 ||  1238
         Short sword       |       |    33 |     7 |   107 ||   147
         Punch             |       |     4 |     3 |    19 ||    26
  Throw: Throwing net      |     2 |     1 |     3 |       ||     6
         Stone             |     1 |     2 |     1 |       ||     4
  Evoke: Wand              |       |       |       |     2 ||     2
    Use: Scroll            |       |     8 |     5 |    11 ||    24
         Potion            |       |       |       |     5 ||     5
   Stab: Sleeping          |     7 |    10 |    30 |    29 ||    76
         Held in net/web   |     1 |     1 |     2 |       ||     4
         Distracted        |       |     2 |     2 |     4 ||     8
         Invisible         |       |       |       |     1 ||     1
 Armour: Leather armour    |    27 |    60 |    65 |   304 ||   456
         Skin              |       |       |       |    47 ||    47
  Dodge: Dodged            |    83 |   120 |   102 |   775 ||  1080
